 Dungeon Crawl Stone Soup version 0.21.1-1-g345015fe64 (console) character file.

1795 Kloppie the Carver (level 8, -1/71 HPs)
             Began as a Yellow Draconian Berserker on Feb 26, 2018.
             Was an Elder of Trog.
             Slain by a black bear (5 damage)
             ... on level 7 of the Dungeon.
             The game lasted 00:09:50 (6441 turns).

Kloppie the Carver (Yellow Draconian Berserker)     Turns: 6441, Time: 00:09:51

Health: -1/71      AC:  7    Str: 19    XL:     8   Next: 83%
Magic:  8/8        EV: 13    Int:  9    God:    Trog [****..]
Gold:   308        SH:  0    Dex: 12    Spells: 7/7 levels left

rFire    . . .     SeeInvis .   a - +4 long sword (slice)
rCold    . . .     Gourm    .   (no shield)
rNeg     . . .     Faith    .   (armour unavailable)
rPois    .         Spirit   .   (helmet restricted)
rElec    .         Reflect  .   (no cloak)
rCorr    +         Harm     .   u - +0 pair of gloves
MR       ++...                  (no boots)
Stlth    +.........             (no amulet)
HPRegen  1.21/turn              (no ring)
MPRegen  0.11/turn              (no ring)

@: regenerating
A: spit acid, acid resistance, unfitting armour, cold-blooded, AC +6
a: Breathe Acid, Berserk, Trog's Hand, Brothers in Arms, Burn Spellbooks,
Renounce Religion


You were on level 7 of the Dungeon.
You worshipped Trog.
Trog was greatly pleased with you.
You were hungry.

You visited 1 branch of the dungeon, and saw 7 of its levels.
You also visited: Ossuary.

You collected 308 gold pieces.

Inventory:

Hand Weapons
 a - a +4 long sword of slicing (weapon)
 n - a +0 falchion
Armour
 t - a +0 buckler
 u - a +0 pair of gloves (worn)
Wands
 q - a wand of flame (44)
 v - a wand of random effects (29)
Scrolls
 e - a scroll of enchant weapon
 h - 2 scrolls of remove curse
 p - 2 scrolls of teleportation
 x - a scroll of acquirement {unknown}
Potions
 c - a potion of might
 d - 6 potions of curing
 f - 2 potions of resistance
 g - 3 potions of berserk rage
 i - 2 potions of ambrosia
 j - 4 potions of heal wounds
 l - a potion of lignification
 m - 3 potions of flight
 o - a potion of invisibility
 r - 2 potions of brilliance
 s - a potion of haste
 w - a potion of agility {unknown}
Comestibles
 b - 10 rations


   Skills:
 - Level 6.6 Fighting
 + Level 10.5 Long Blades
 - Level 2.6 Dodging


You had 7 spell levels left.
You didn't know any spells.

Dungeon Overview and Level Annotations

Branches:
Dungeon (7/15)             Temple (0/1) D:4

Altars:
Fedhas

Shops:
D:7 (


Innate Abilities, Weirdness & Mutations

You can spit globs of acid.
You are resistant to acid.
Your golden yellow scales are hard. (AC +6)
You cannot fit into any form of body armour.
You are cold-blooded and may be slowed by cold attacks.


Message History

The black bear is almost dead.
The black bear bites you but does no damage.
The black bear closely misses you. The black bear claws you.
* * * LOW HITPOINT WARNING * * *
The gnoll sergeant hits you from afar with a trident of flaming.
* * * LOW HITPOINT WARNING * * *
The gnoll sergeant burns you.
* * * LOW HITPOINT WARNING * * *
The gnoll hits you from afar with a halberd.
* * * LOW HITPOINT WARNING * * *
You feel much better. The black bear bites you!
* * * LOW HITPOINT WARNING * * *
The black bear misses you. The black bear barely misses you.
The gnoll sergeant hits you from afar with a trident of flaming!
* * * LOW HITPOINT WARNING * * *
The gnoll sergeant burns you.
* * * LOW HITPOINT WARNING * * *
The gnoll closely misses you. The black bear bites you.
You die...

.... #.##.....#.######..#.###.
.... ##..#.###.....######..# #.
...##.....# ##.##....###.####.
#....P.P.####.#####..........
####....W_.....#.#########.####.
#.......P.P.##.......## ##.# #.
..!.#........####.###..###..# #.
.##...#.....gg###.#
##.##†.#####.
#g∩.#....gg.Sh@.####........##.
...g##%#####g##.................
..#.# #.# #..##.####..#######.#
.... #.# ##.##.# #.## . #... #.#
..... #.# #.# ##.##. ..# #. (#
##### #


You could see a black bear (berserk), a gnoll sergeant, 4 gnolls and an adder.

Vanquished Creatures
  Sigmund (D:2)
  A water moccasin (D:7)
  A black bear (D:5)
  A phantom (D:5)
  2 ogres (D:6)
  A centaur (D:6)
  2 bullfrogs (D:6)
  3 water moccasin zombies (Ossuary)
  2 scorpions
  The ghost of Hat the Chopper, a weakling DDBe of Trog (D:3)
  A bullfrog zombie (D:5)
  A crimson imp (D:7)
  2 hounds
  A jelly (D:6)
  6 worker ants
  A killer bee zombie (D:6)
  3 big kobold zombies (Ossuary)
  A hound skeleton (D:6)
  2 mummies (Ossuary)
  A worker ant zombie (D:5)
  Robin (D:2)
  4 gnolls (D:3)
  3 adders
  An ooze (D:1)
  8 adder zombies
  5 worms
  A dart slug (D:5)
  5 leopard geckos
  4 orcs
  10 bats
  3 giant cockroaches
  A gnoll zombie (Ossuary)
  17 goblins
  12 hobgoblins
  13 jackals
  6 kobolds
  2 quokkas
  A ball python (D:4)
  4 frilled lizards
  6 hobgoblin zombies (Ossuary)
  A jackal zombie (D:5)
  4 kobold zombies (Ossuary)
  7 orc zombies (Ossuary)
  6 rats
159 creatures vanquished.

Notes
Turn   | Place    | Note
-------+----------+-------------------------------------------
     0 | D:1      | Kloppie the Draconian Berserker began the quest for the Orb.
     0 | D:1      | Reached XP level 1. HP: 19/19 MP: 1/1
    76 | D:1      | Reached XP level 2. HP: 11/26 MP: 2/2
   422 | D:1      | Reached skill level 4 in Long Blades
   891 | D:1      | Reached XP level 3. HP: 24/31 MP: 3/3
   986 | D:1      | Reached ** piety under Trog
  1614 | D:2      | Reached XP level 4. HP: 23/38 MP: 4/4
  1638 | D:2      | Reached skill level 5 in Long Blades
  1871 | D:2      | Noticed Sigmund
  1878 | D:2      | Killed Sigmund
  1878 | D:2      | Reached skill level 6 in Long Blades
  1878 | D:2      | Reached XP level 5. HP: 19/45 MP: 5/5
  2209 | D:2      | Noticed Robin
  2227 | D:2      | Killed Robin
  2239 | D:2      | Reached XP level 6. HP: 25/51 MP: 6/6
  2431 | D:3      | Reached skill level 7 in Long Blades
  2611 | D:3      | Reached *** piety under Trog
  2815 | D:3      | Noticed Hat's ghost (weakling DDBe)
  2827 | D:3      | Killed Hat's ghost
  3833 | D:4      | Found a staircase to the Ecumenical Temple.
  4079 | D:5      | Entered Level 5 of the Dungeon
  4413 | D:5      | Your scales start taking on a golden yellow colour.
  4413 | D:5      | Reached XP level 7. HP: 19/59 MP: 7/7
  4751 | D:5      | Reached skill level 8 in Long Blades
  5057 | D:6      | Reached skill level 5 in Fighting
  5276 | D:6      | Reached XP level 8. HP: 70/70 MP: 8/8
  5466 | D:6      | Found a sand-covered staircase.
  5473 | Ossuary  | Entered an ossuary
  5521 | Ossuary  | Reached **** piety under Trog
  5535 | Ossuary  | Reached skill level 9 in Long Blades
  6126 | D:6      | Reached skill level 10 in Long Blades
  6412 | D:7      | Found a blossoming altar of Fedhas.
  6421 | D:7      | Found Sagyo's Antique Weapon Shoppe.
  6440 | D:7      | HP: 3/71 [gnoll sergeant/trident of flaming (5)]
  6441 | D:7      | Slain by a black bear

Skill      XL: |  1  2  3  4  5  6  7  8 |
---------------+-------------------------+-----
Long Blades    | 4 6 7 8 10 | 10.5
Fighting       | 4 5 6 |  6.6
Dodging        | |  2.6

Action                   |  1- 3 |  4- 6 |  7- 9 || total
-------------------------+-------+-------+-------++-------
Melee: Falchion          |   120 |   162 |    42 ||   324
       Tailslap          |    18 |    29 |    30 ||    77
       Long sword        |       |       |   146 ||   146
Invok: Berserk           |     2 |     5 |       ||     7
       Trog's Hand       |     1 |     2 |     1 ||     4
  Use: Scroll            |       |     6 |    11 ||    17
       Potion            |       |       |     2 ||     2
 Stab: Sleeping          |     1 |       |     1 ||     2
  Eat: Chunk             |     5 |    13 |     4 ||    22
       Ration            |       |       |     1 ||     1
Armor: Skin              |    52 |    47 |    58 ||   157
Dodge: Dodged            |   116 |   122 |   142 ||   380
       Rpst.: Falchion   |    35 |    31 |    11 ||    77
       Long sword        |       |       |    24 ||    24
